Map: Dusk Towers

Players

DarKLoVeR - Winner!

  • Race: Zerg Zerg
  • League: Master

Miszu

  • Race: Protoss Protoss
  • League: Master

VOD

Have the link to the VOD?

Description

Time

  • Played on: April 3, 2016, 5:49 p.m.
  • Length: 9:35
Show
View Real Time Build Order
Export as new Build Order

DarKLoVeR Zerg - Winner!

Build Orders: Hatch First 

Get SALT Encoding   

  12  0:06  Drone  
  13  0:13  Overlord  
  13  0:17  Drone  
  14  0:33  Drone x2  
  16  0:39  Drone  
  17  0:55  Drone, Hatchery  
  17  1:11  Drone, Spawning Pool  
  16  1:15  Drone  
  18  1:22  Drone  
  19  1:26  Extractor  
  18  1:36  Drone  
  19  1:46  Drone  
  20  1:54  Overlord  
  20  1:57  Hatchery  
  19  2:02  Queen  
  21  2:09  Zergling x2  
  21  2:12  Queen  
  24  2:16  Drone  
  24  2:19  Drone  
  26  2:23  Drone  
  27  2:30  Drone  
  27  2:31  Drone  
  29  2:38  Metabolic Boost  
  29  2:42  Drone x2  
  31  2:52  Overlord  
  31  2:54  Zergling x2  
  32  2:59  Overlord  
  32  3:03  Queen  
  34  3:05  Zergling x2  
  34  3:11  Zergling x2  
  34  3:12  Zergling x6  
  39  3:13  Zergling x2  
  40  3:20  Overlord  
  40  3:35  Drone x4  
  43  3:44  Drone x2  
  43  3:45  Drone x3  
  47  3:49  Overlord  
  47  3:51  Drone x2  
  47  3:52  Drone  
  47  3:54  Drone x2  
  52  3:55  Drone  
  52  3:56  Drone  
  52  3:57  Drone  
  52  3:59  Extractor  
  52  4:00  Extractor  
  52  4:01  Drone x2  
  55  4:04  Extractor  
  55  4:08  Spore Crawler  
  55  4:09  Spore Crawler  
  52  4:10  Spore Crawler  
  52  4:12  Drone x3  
  52  4:15  Drone  
  52  4:17  Drone x2  
  57  4:19  Drone  
  57  4:21  Drone  
  59  4:25  Drone x3  
  59  4:27  Overlord  
  59  4:29  Drone  
  63  4:42  Lair  
  63  4:44  Roach Warren, Overlord  
  63  4:45  Drone x2  
  64  4:51  Drone x4  
  68  4:54  Drone x3  
  68  4:57  Overlord  
  71  5:05  Overlord x2  
  71  5:10  Zergling x8  
  73  5:21  Zergling x8  
  73  5:22  Zergling x10  
  73  5:24  Zergling x2, Roach x2  
  73  5:25  Zergling x2  
  85  5:32  Roach  
  85  5:33  Zergling x2  
  86  5:45  Zergling x2, Roach x2  
  86  5:46  Glial Reconstitution  
  87  5:52  Roach  
  87  5:53  Zergling x2, Roach x2  
  87  5:54  Zergling x2, Roach  
  92  5:59  Roach  
  92  6:00  Roach x2  
  92  6:01  Hydralisk Den, Evolution Chamber  
  92  6:03  Zergling x2, Roach x2  
  101  6:07  Pneumatized Carapace  
  101  6:15  Overlord  
  101  6:16  Overlord x2  
  101  6:17  Overlord  
  99  6:20  Extractor  
  99  6:22  Extractor  
  87  6:36  Drone x7  
  87  6:37  Drone x2  
  88  6:45  Drone x5  
  92  6:47  Zerg Missile Weapons Level 1, Muscular Augments  
  92  6:49  Drone  
  91  6:57  Hydralisk x2  
  91  6:58  Hydralisk  
  94  7:06  Hydralisk x2  
  94  7:07  Hydralisk  
  94  7:09  Hydralisk x3  
  94  7:12  Hydralisk x2  
  94  7:14  Hydralisk  
  104  7:18  Hydralisk x2  
  106  7:22  Hydralisk  
  106  7:27  Hydralisk x2  
  106  7:28  Hydralisk  
  112  7:39  Hydralisk  
  112  7:40  Hydralisk x4  
  122  7:51  Overlord x4  
  122  7:52  Overlord  
  122  7:56  Hydralisk x2  
  122  7:57  Hydralisk  
  128  7:59  Hydralisk  
  130  8:14  Roach x4  
  130  8:15  Roach x5  
  130  8:17  Roach  
  130  8:18  Roach  
  150  8:32  Roach x6  
  159  8:37  Queen  
  159  8:40  Roach x2  
  159  8:41  Roach x2  
  162  8:43  Roach  
  162  8:49  Overlord  
  162  8:53  Drone x5  
  162  8:54  Drone  
  168  8:55  Drone  
  169  9:05  Ravager x3  
  169  9:07  Overlord x2  
  169  9:08  Ravager x2  
  169  9:09  Ravager  
Show
View Real Time Build Order
Export as new Build Order

Miszu Protoss 

Build Orders: 1 Gate Expand 

Get SALT Encoding   

  12  0:01  Probe (Chrono Boost)  
  13  0:12  Probe (Chrono Boost)  
  14  0:18  Pylon  
  14  0:23  Probe (Chrono Boost)  
  15  0:36  Probe (Chrono Boost)  
  15  0:38  Gateway  
  16  0:47  Probe (Chrono Boost)  
  17  0:57  Probe (Chrono Boost)  
  18  1:10  Nexus  
  18  1:17  Assimilator  
  18  1:20  Probe (Chrono Boost)  
  19  1:28  Cybernetics Core  
  19  1:33  Probe (Chrono Boost)  
  19  1:38  Assimilator  
  20  1:43  Probe (Chrono Boost)  
  21  1:51  Pylon  
  22  1:54  Probe (Chrono Boost)  
  22  2:04  Warp Gate, Probe (Chrono Boost)  
  23  2:15  Probe (Chrono Boost)  
  24  2:19  Stalker (Chrono Boost)  
  26  2:25  Probe  
  26  2:26  Probe  
  27  2:37  Probe  
  27  2:40  Mothership Core  
  30  2:46  Adept (Chrono Boost)  
  30  2:49  Probe  
  33  3:01  Probe x2  
  37  3:13  Probe x2  
  37  3:17  Gateway  
  37  3:18  Gateway  
  37  3:22  Pylon  
  37  3:24  Adept (Chrono Boost)  
  37  3:25  Probe x2  
  41  3:37  Probe  
  42  3:53  Stargate  
  42  3:54  Stargate, Probe  
  42  3:55  Probe  
  44  3:57  Pylon  
  44  3:58  Pylon  
  44  4:06  Probe  
  44  4:07  Probe  
  46  4:19  Probe x2  
  46  4:23  Adept x2  
  46  4:24  Adept  
  54  4:26  Pylon  
  54  4:27  Assimilator x2  
  54  4:31  Probe x2  
  55  4:33  Pylon  
  56  4:44  Phoenix x2 (Chrono Boost)  
  60  4:46  Adept x3  
  66  4:58  Probe x2  
  68  5:05  Nexus  
  68  5:08  Pylon  
  68  5:14  Probe  
  68  5:15  Probe  
  68  5:30  Phoenix x2 (Chrono Boost)  
  72  5:36  Probe x2  
  68  5:54  Adept x3, Phoenix x2 (Chrono Boost)  
  72  6:00  Probe  
  72  6:02  Robotics Facility  
  72  6:03  Probe  
  72  6:04  Robotics Facility  
  72  6:12  Pylon  
  72  6:13  Probe  
  72  6:15  Probe  
  74  6:19  Phoenix (Chrono Boost)  
  74  6:20  Phoenix (Chrono Boost)  
  74  6:25  Probe  
  79  6:27  Adept x2  
  77  6:37  Adept  
  73  6:42  Pylon  
  73  6:50  Immortal  
  73  6:51  Immortal  
  81  7:06  Probe x3  
  84  7:17  Probe  
  84  7:18  Probe x2  
  87  7:24  Assimilator  
  87  7:27  Probe  
  87  7:29  Phoenix x2 (Chrono Boost)  
  96  7:30  Immortal, Probe x2  
  96  7:31  Immortal  
  96  7:33  Sentry x2  
  106  7:38  Probe  
  106  7:42  Probe  
  108  7:45  Gateway  
  108  7:46  Twilight Council  
  108  7:47  Forge  
  108  7:48  Gateway  
  108  7:50  Gateway, Probe  
  109  7:51  Probe  
  109  7:54  Probe  
  109  7:56  Assimilator  
  111  8:05  Sentry  
  113  8:06  Zealot  
  113  8:09  Adept  
  117  8:13  Pylon  
  117  8:15  Pylon  
  117  8:22  Pylon  
  117  8:23  Pylon  
  117  8:32  Immortal x2 (Chrono Boost)  
  121  8:44  Probe x2  
  123  8:49  Adept x3  
  123  8:54  Pylon  
  129  8:57  Pylon  
  129  9:05  Adept x3  
  133  9:10  Adept x2, Pylon  
  133  9:11  Adept  
Tags
 
Add a new tag
Caveats
  • Supply blocks, unpowered buildings, or Contaminate may cause inaccurate times.
  • Supply counts are checked every 10 seconds.